Map: 莱瑞拉克之冠

Players

Quail - Winner!

  • Race: Protoss Protoss
  • League: Diamond

cheshirecat

  • Race: Zerg Zerg
  • League: Platinum

VOD

Have the link to the VOD?

Description

Time

  • Played on: Dec. 7, 2015, 9:19 a.m.
  • Length: 12:11
Show
View Real Time Build Order
Export as new Build Order

Quail Protoss - Winner!

Build Orders: 1 Gate Expand 

Get SALT Encoding   

  12  0:01  Probe (Chrono Boost)  
  13  0:11  Probe (Chrono Boost)  
  14  0:18  Pylon  
  14  0:22  Probe (Chrono Boost)  
  15  0:36  Probe (Chrono Boost)  
  15  0:39  Gateway  
  16  0:47  Probe (Chrono Boost)  
  17  0:50  Assimilator  
  17  0:58  Probe (Chrono Boost)  
  18  1:19  Nexus  
  18  1:22  Probe (Chrono Boost)  
  19  1:33  Cybernetics Core  
  19  1:37  Probe (Chrono Boost)  
  20  1:48  Probe (Chrono Boost)  
  20  1:50  Pylon  
  21  1:59  Assimilator  
  22  2:01  Probe (Chrono Boost)  
  22  2:12  Probe (Chrono Boost)  
  22  2:14  Adept  
  25  2:23  Mothership Core (Chrono Boost)  
  27  2:36  Robotics Facility  
  27  2:41  Gateway  
  27  2:42  Probe (Chrono Boost)  
  28  2:45  Probe (Chrono Boost)  
  29  2:52  Probe (Chrono Boost)  
  29  2:56  Pylon  
  30  2:59  Probe (Chrono Boost)  
  30  3:02  Warp Gate (Chrono Boost)  
  32  3:05  Probe (Chrono Boost)  
  32  3:09  Probe (Chrono Boost)  
  33  3:16  Pylon  
  33  3:20  Probe (Chrono Boost)  
  33  3:22  Probe (Chrono Boost)  
  33  3:24  Observer (Chrono Boost)  
  35  3:29  Adept  
  35  3:30  Probe  
  38  3:35  Adept  
  38  3:39  Probe  
  41  3:42  Probe  
  41  3:43  Observer (Chrono Boost)  
  43  3:51  Probe  
  43  3:53  Probe  
  45  3:58  Gateway  
  45  4:01  Gateway  
  45  4:02  Adept  
  47  4:06  Warp Prism (Chrono Boost)  
  47  4:15  Probe x2  
  51  4:22  Twilight Council  
  51  4:27  Probe x2  
  53  4:37  Stalker  
  55  4:39  Probe x2  
  55  4:41  Sentry  
  59  4:50  Pylon  
  59  4:51  Probe x2, Assimilator  
  61  4:55  Assimilator  
  61  5:03  Probe  
  62  5:08  Probe  
  63  5:15  Probe  
  64  5:22  Adept x2  
  64  5:32  Adept x2  
  68  5:37  Probe x2  
  68  5:40  Immortal  
  70  5:46  Nexus  
  70  5:48  Pylon  
  70  5:49  Pylon  
  68  5:52  Pylon  
  66  5:57  Resonating Glaives  
  66  6:01  Gateway  
  66  6:02  Gateway  
  66  6:03  Gateway  
  66  6:05  Gateway, Adept x2  
  70  6:18  Immortal  
  74  6:28  Probe  
  74  6:29  Probe, Robotics Bay  
  74  6:30  Stalker x3  
  78  7:00  Immortal  
  78  7:01  Stargate  
  78  7:03  Stargate  
  78  7:06  Adept x2  
  78  7:07  Adept  
  88  7:16  Adept  
  88  7:20  Adept  
  92  7:28  Probe  
  92  7:29  Probe x2  
  95  7:34  Disruptor  
  95  7:38  Probe  
  95  7:41  Stalker x3, Probe  
  95  7:43  Zealot  
  108  8:01  Pylon  
  108  8:03  Pylon  
  106  8:08  Adept  
  106  8:11  Disruptor  
  109  8:22  Adept x5  
  109  8:23  Adept  
  117  8:35  Probe, Adept  
  117  8:36  Probe  
  117  8:38  Assimilator  
  117  8:41  Gateway, Assimilator  
  121  8:43  Gateway  
  121  8:45  Gateway, Adept x2  
  125  8:51  Pylon  
  125  8:59  Adept  
  125  9:04  Observer  
  115  9:13  Adept x5  
  115  9:14  Adept  
  105  9:31  Disruptor  
  97  9:33  Adept x3  
  97  9:34  Adept x4  
  114  9:40  Probe  
  114  9:42  Probe  
  116  9:51  Void Ray  
  116  9:52  Void Ray  
  124  10:03  Disruptor  
  122  10:10  Adept x2  
  122  10:11  Adept x2  
  133  10:19  Pylon  
  133  10:20  Pylon  
  133  10:22  Pylon x2  
  133  10:24  Pylon  
  133  10:27  Pylon  
  133  10:28  Forge  
  133  10:29  Forge  
  133  10:30  Pylon  
  133  10:34  Disruptor  
  133  10:38  Zealot x2  
  133  10:39  Zealot x4  
  148  10:43  Void Ray x2  
  148  10:46  Adept x2  
  160  10:50  Adept  
  160  10:53  Adept  
  160  11:07  Disruptor  
  159  11:21  Stalker x2  
  163  11:26  Void Ray x2  
  163  11:53  Adept  
  163  11:54  Adept x5  
  164  12:04  Adept x2  
Show
View Real Time Build Order
Export as new Build Order

cheshirecat Zerg 

Build Orders: 3 Hatch before Pool 

Get SALT Encoding   

  12  0:01  Drone  
  13  0:12  Overlord  
  13  0:17  Drone  
  14  0:30  Drone  
  14  0:31  Drone  
  14  0:35  Drone  
  17  0:54  Hatchery  
  17  0:55  Drone  
  17  0:59  Drone  
  18  1:21  Hatchery  
  18  1:22  Drone  
  18  1:26  Drone  
  18  1:28  Extractor  
  18  1:31  Drone  
  19  1:45  Spawning Pool  
  19  1:47  Drone  
  19  1:53  Drone  
  20  2:01  Drone  
  21  2:10  Overlord  
  21  2:13  Drone  
  22  2:18  Drone  
  22  2:21  Drone  
  24  2:28  Drone  
  25  2:34  Drone  
  25  2:36  Queen  
  28  2:38  Queen  
  28  2:39  Drone  
  31  2:46  Queen  
  31  2:49  Zergling x2  
  34  2:52  Zergling x2  
  34  2:56  Drone x2  
  34  2:58  Drone  
  38  3:00  Drone  
  38  3:03  Drone  
  38  3:04  Drone  
  41  3:06  Drone  
  42  3:17  Overlord x2  
  42  3:26  Lair  
  42  3:36  Drone  
  42  3:37  Evolution Chamber x2, Drone x4  
  43  3:46  Drone  
  43  3:48  Drone x4  
  46  3:49  Drone x4  
  52  3:56  Roach Warren  
  52  3:57  Extractor  
  52  4:00  Extractor  
  52  4:02  Drone x3, Extractor  
  51  4:03  Drone  
  51  4:05  Drone  
  53  4:20  Drone x3  
  53  4:21  Overlord x2  
  56  4:24  Overseer  
  56  4:26  Pneumatized Carapace  
  56  4:29  Drone  
  57  4:40  Hydralisk Den  
  56  4:48  Extractor  
  55  4:55  Zerg Missile Weapons Level 1  
  55  4:57  Drone x2  
  55  4:58  Drone  
  58  5:00  Extractor  
  58  5:01  Drone  
  58  5:02  Drone x2  
  58  5:03  Overlord x2  
  60  5:13  Zerg Ground Armor Level 1  
  60  5:18  Roach x7  
  71  5:32  Zergling x4  
  71  5:33  Zergling x4  
  66  5:52  Drone x3  
  66  5:53  Drone x3  
  66  5:54  Drone x2  
  66  5:55  Drone x3  
  66  5:56  Queen  
  79  6:04  Lurker Den  
  79  6:07  Drone x3  
  75  6:29  Roach x8  
  75  6:30  Roach  
  89  6:33  Overlord x3  
  89  6:35  Queen  
  89  6:39  Glial Reconstitution  
  89  6:51  Drone x2  
  89  6:53  Drone x5  
  96  7:01  Hatchery  
  95  7:05  Hydralisk x3  
  101  7:11  Drone, Queen  
  101  7:12  Drone x2  
  106  7:24  Infestation Pit, Zerg Missile Weapons Level 2  
  106  7:25  Zerg Ground Armor Level 2  
  106  7:27  Hydralisk x2  
  109  7:40  Overlord  
  109  7:41  Overlord x2  
  109  7:52  Muscular Augments  
  109  7:53  Metabolic Boost  
  109  7:57  Hatchery  
  108  7:58  Zergling x4  
  108  7:59  Zergling x6  
  113  8:08  Queen  
  113  8:22  Hydralisk x6  
  113  8:23  Hydralisk x2  
  113  8:26  Lurker x2  
  130  8:27  Lurker  
  123  8:41  Hydralisk x4  
  100  9:01  Roach  
  100  9:02  Roach x6  
  68  9:25  Drone x2  
  68  9:26  Drone x5  
  68  9:27  Drone  
  70  9:45  Queen  
  70  9:47  Drone x2  
  70  9:48  Drone x2  
  76  10:05  Hydralisk  
  76  10:06  Hydralisk x3  
  72  10:13  Queen  
  74  10:16  Queen  
  76  10:22  Drone x3  
  79  10:35  Drone x4  
  82  10:37  Drone x3  
  82  10:42  Drone x2  
  88  10:43  Drone  
  88  10:45  Drone  
  90  10:55  Roach  
  90  10:56  Roach x4  
  94  11:08  Roach x4  
  94  11:09  Roach  
  102  11:22  Roach  
  102  11:23  Roach x2  
  104  11:33  Roach x4  
  92  11:50  Roach  
  92  11:51  Roach x6  
Tags
 
Add a new tag
Caveats
  • Supply blocks, unpowered buildings, or Contaminate may cause inaccurate times.
  • Supply counts are checked every 10 seconds.